 Dungeon Crawl Stone Soup version 0.30-a0-168-g0b976cbdc4 (webtiles) character file.

Game seed: 7460750152911765342

441931 KennySheep the Executioner (level 24, -15/151 (153) HPs)
             Began as a Tengu Gladiator on Sept 29, 2022.
             Was the Champion of Nemelex Xobeh.
             Killed from afar by an iron giant (47 damage)
             ... with an iron shot
             ... on level 9 of a ziggurat on Sept 30, 2022.
             The game lasted 03:52:24 (65185 turns).

KennySheep the Executioner (Tengu Gladiator)       Turns: 65185, Time: 03:52:24

HP:   -15/151 (153) AC: 39    Str: 27    XL:     24   Next: 40%
MP:   0/34          EV: 17    Int: 11    God:    Nemelex Xobeh [******]
Gold: 6765          SH:  0    Dex: 19    Spells: 23/23 levels left

rFire   + . .      SeeInvis +    a - +9 executioner's axe (spect)
rCold   + . .      Faith    .    (shield currently unavailable)
rNeg    . . .      Spirit   +    J - +10 gold dragon scales
rPois   +          Reflect  .    c - +0 hat
rElec   .          Harm     .    W - +2 cloak
rCorr   .          Rampage  .    E - +0 pair of gloves
Will    +....                    (boots unavailable)
Stlth   ..........               f - amulet of guardian spirit
HPRegen 0.35/turn                T - +6 ring of strength
MPRegen 0.24/turn                M - +4 ring of slaying

@: flying quickly and evasively, studying 2 skills, lightly drained, quick
A: beak, talons 3, nimble flight, horns 1, see invisible
}: 1/15 runes: barnacled
a: Renounce Religion, Draw Escape, Draw Destruction, Draw Summoning, Draw Stack,
Triple Draw, Deal Four, Stack Five


You were on level 9 of a ziggurat.
You worshipped Nemelex Xobeh.
Nemelex Xobeh was exalted by your worship.
You visited 9 branches of the dungeon, and saw 40 of its levels.
You visited the Abyss 1 time.
You visited 1 ziggurat, and saw 9 of its levels.
You also visited: Trove and Ice Cave.

You collected 7269 gold pieces.
You spent 504 gold pieces at shops.

Inventory:

Hand Weapons
 a - a +9 spectral executioner's axe (weapon)
Missiles
 d - 6 throwing nets
 e - 11 javelins (quivered)
 j - 9 silver javelins
Armour
 c - a +0 hat (worn)
 E - a +0 pair of gloves (worn)
 J - +10 gold dragon scales (worn)
 W - a +2 cloak (worn)
Jewellery
 f - an amulet of guardian spirit (around neck)
 i - an amulet of faith
 t - a ring of willpower
 v - a ring of protection from cold
 x - a +6 ring of dexterity
 M - a +4 ring of slaying (right hand)
 T - a +6 ring of strength (left hand)
Wands
 m - a wand of flame (20)
 n - a wand of polymorph (14)
 p - a wand of paralysis (11)
 z - a wand of quicksilver (8)
 A - a wand of iceblast (9)
 C - a wand of digging (12)
 S - a wand of mindburst (11)
Scrolls
 g - a scroll of enchant weapon
 r - 6 scrolls of poison
 w - 4 scrolls of silence
 y - 7 scrolls of magic mapping
 D - 4 scrolls of teleportation
 O - 3 scrolls of amnesia
 P - 3 scrolls of fog
 V - 3 scrolls of blinking
 Z - a scroll of fear
Potions
 b - a potion of berserk rage
 h - 5 potions of haste
 k - 2 potions of heal wounds
 l - 11 potions of magic
 o - 3 potions of ambrosia
 q - a potion of might
 s - 6 potions of resistance
 u - 4 potions of cancellation
 B - 9 potions of curing
 N - 8 potions of brilliance
Miscellaneous
 X - a lightning rod (4/4)


   Skills:
 + Level 16.3 Fighting
 - Level 7.8 Long Blades
 - Level 24.0 Axes
 + Level 12.9 Throwing
 * Level 21.4 Armour
 + Level 14.4 Dodging
 - Level 2.0 Stealth
 + Level 14.5 Invocations


You had 23 spell levels left.
You didn't know any spells.
Your spell library contained the following spells:

 Spells                   Type           Power      Damage    Failure   Level
 Apportation              Tloc           0%         N/A       98%         1
 Beastly Appendage        Tmut           0%         N/A       98%         1
 Foxfire                  Conj/Fire      0%         2x1d4     98%         1
 Freeze                   Ice            0%         1d3       98%         1
 Magic Dart               Conj           0%         1d3       98%         1
 Necrotise                Necr           0%         1d4       98%         1
 Sandblast                Erth           0%         2d4       98%         1
 Slow                     Hex            0%         N/A       98%         1
 Sting                    Tmut/Pois      0%         1d3       98%         1
 Summon Small Mammal      Summ           0%         N/A       98%         1
 Blink                    Tloc           0%         N/A       99%         2
 Call Imp                 Summ           0%         N/A       99%         2
 Cigotuvi's Dreadful Rot  Necr/Pois/Air  0%         N/A       99%         2
 Ensorcelled Hibernation  Hex/Ice        0%         N/A       99%         2
 Passwall                 Tmut/Erth      0%         N/A       99%         2
 Poisonous Vapours        Pois/Air       0%         N/A       99%         2
 Sublimation of Blood     Necr           0%         N/A       99%         2
 Wereblood                Tmut           0%         N/A       99%         2
 Call Canine Familiar     Summ           0%         N/A       100%        3
 Confusing Touch          Hex            0%         N/A       100%        3
 Dazzling Flash           Conj/Hex       0%         N/A       100%        3
 Frozen Ramparts          Ice            0%         1d1       100%        3
 Hailstorm                Conj/Ice       0%         3d3       100%        3
 Inner Flame              Hex/Fire       0%         N/A       100%        3
 Kindle Blastsparks       Fire/Tloc/Air  0%         2d10      100%        3
 Mephitic Cloud           Conj/Pois/Air  0%         N/A       100%        3
 Portal Projectile        Hex/Tloc       0%         N/A       100%        3
 Spider Form              Tmut/Pois      0%         N/A       100%        3
 Summon Guardian Golem    Hex/Summ       0%         N/A       100%        3
 Swiftness                Air            0%         N/A       100%        3
 Tukima's Dance           Hex            0%         N/A       100%        3
 Vampiric Draining        Necr           0%         2d6       100%        3
 Anguish                  Hex/Necr       0%         N/A       100%        4
 Cause Fear               Hex            0%         N/A       100%        4
 Flame Wave               Conj/Fire      0%         2d4       100%        4
 Fulminant Prism          Conj/Hex       0%         3d6       100%        4
 Ice Form                 Ice/Tmut       0%         N/A       100%        4
 Iskenderun's Mystic Bla  Conj/Tloc      0%         2d3       100%        4
 Manifold Assault         Tloc           0%         N/A       100%        4
 Olgreb's Toxic Radiance  Pois           0%         N/A       100%        4
 Petrify                  Tmut/Erth      0%         N/A       100%        4
 Sticky Flame             Conj/Fire      0%         2d3       100%        4
 Agony                    Necr           0%         N/A       100%        5
 Alistair's Intoxication  Tmut/Pois      0%         N/A       100%        5
 Arcjolt                  Conj/Air       0%         1d10      100%        5
 Blade Hands              Tmut           0%         N/A       100%        5
 Fireball                 Conj/Fire      0%         3d3       100%        5
 Freezing Cloud           Conj/Ice/Air   0%         6-21      100%        5
 Iskenderun's Battlesphe  Conj           0%         2d6       100%        5
 Lee's Rapid Deconstruct  Erth           0%         3d5*      100%        5
 Silence                  Hex/Air        0%         N/A       100%        5
 Summon Forest            Summ/Tloc      0%         N/A       100%        5
 Summon Mana Viper        Hex/Summ       0%         N/A       100%        5
 Yara's Violent Unravell  Hex/Tmut       0%         3d3       100%        5
 Conjure Ball Lightning   Conj/Air       0%         3x3d6     100%        6
 Eringya's Noxious Bog    Tmut/Pois      0%         N/A       100%        6
 Iron Shot                Conj/Erth      0%         9d1       100%        6
 Summon Cactus Giant      Summ           0%         N/A       100%        6
 Dragon Form              Tmut           0%         N/A       100%        7
 Enfeeble                 Hex            0%         N/A       100%        7
 Orb of Destruction       Conj           0%         9d5       100%        7
 Ozocubu's Refrigeration  Ice            0%         4d7       100%        7
 Spellforged Servitor     Conj/Summ      0%         N/A       100%        7
 Storm Form               Tmut/Air       0%         N/A       100%        7
 Summon Hydra             Summ           0%         N/A       100%        7
 Borgnjor's Revivificati  Necr           0%         N/A       100%        8
 Discord                  Hex            0%         N/A       100%        8
 Necromutation            Tmut/Necr      0%         N/A       100%        8
 Death's Door             Necr           0%         N/A       100%        9
 Dragon's Call            Summ           0%         N/A       100%        9
 Polar Vortex             Ice            0%         N/A       100%        9


Dungeon Overview and Level Annotations

Branches:
Dungeon (15/15)            Temple (0/1) D:4            Lair (5/5) D:11
 Shoals (4/4) Lair:2       Spider (4/4) Lair:2        Slime (0/5) Lair:4
    Orc (2/2) D:12            Elf (1/3) Orc:2        Vaults (2/5) D:14
  Crypt (3/3) Vaults:2       Tomb (0/3) Crypt:3      Depths (4/4) D:15
  IceCv (visited)
    Zot: Depths:4

Altars:
Ashenzari
Dithmenos
Elyvilon
Gozag
Hepliaklqana
Kikubaaqudgha
Makhleb
Nemelex Xobeh
Okawaru
Qazlal
Sif Muna
Uskayaw
Vehumet
Yredelemnul

Shops:
D:9 *   Orc:2 *(*(

Portals:
Hell: Depths:1 Depths:2 Depths:3
Abyss: Depths:3
Pandemonium: Depths:2 Depths:3

Annotations:
D:8 1 runed translucent door, juncz's ghost, novice DjCj
D:15 3 runed translucent doors, jejorda2's ghost, journeyman MfBe
Lair:1 exclusion: oklob plant
Orc:1 Erolcha
Crypt:1 Margery
Depths:1 2 transporters
Depths:2 2 transporters


Innate Abilities, Weirdness & Mutations

You have a beak for a mouth.
You have claws for feet.
Your magical nature lets you fly swiftly and evasively.
You have a pair of small horns on your head.
You have supernaturally acute eyesight. (SInv)


Message History

You deal a card...
You have dealt the Elixir.
You begin rapidly regenerating health and magic.
You deal a card...
You have dealt the Tomb.
Nothing appears to happen.
You deal a card...
You have dealt the Tomb.
Nothing appears to happen.
The iron giant hits you with a +0 dire flail!
The titan barely misses you.
You open the iron giant like a pillowcase!!!
You claw the iron giant, but do no damage.
The iron giant is heavily wounded.
You completely miss the titan. The titan hits you but does no damage.
The iron giant hits you with a +0 dire flail!!!
You feel much better.
The iron giant points at you and mumbles some strange words.
The iron shot hits you!! The titan hits you but does no damage.
You slice the iron giant!!
You claw the iron giant, but do no damage.
You headbutt the iron giant, but do no damage.
You peck the iron giant, but do no damage.
The iron giant is severely wounded.
You hit the titan. You slash the iron giant!
You claw the iron giant, but do no damage.
The iron giant is severely wounded.
You slice the titan!!
The titan waves its arms in wide circles.
The air twists around and strikes you!
The iron giant hits you with a +0 dire flail!!
You hit the titan but do no damage. You claw the titan!
You headbutt the titan, but do no damage.
The titan is severely wounded.
You slice the iron giant!! The titan hits you!
* * * LOW HITPOINT WARNING * * *
The iron giant casts a spell at you. The iron shot hits you!!
* * * LOW HITPOINT WARNING * * *
You feel much better. The titan hits you but does no damage.
The iron giant points at you and mumbles some strange words.
The iron shot hits you!!!
You die...
Your body glows with a rainbow of weird colours and disappears.

▓▓▓▓▓▓▓▓▓▓
▓▓........#▓▓
▓▓.........#@▓
▓▓..........#CC▓
▓▓...........CC[?▓
▓▓.........C.C.C}=∩▓
▓.∩.C)..........[">|▓
▓▓..§.C.........:?∩▓▓
▓▓.C(C.........)?▓▓
▓▓.............▓▓
▓▓..........


You could see 2 iron giants, 2 juggernauts, a titan and a cyclops.

Vanquished Creatures
  2 juggernauts
  Boris (Depths:3)
  A royal mummy (Zig:8)
  A golden dragon (shapeshifter) (Depths:3)
  A bone dragon (Depths:1)
  A hellephant (Zig:7)
  Mlioglotl (Shoals:2)
  2 liches
  A shard shrike skeleton (Crypt:2)
  A searing wretch (Zig:5)
  A titan (Depths:3)
  An Executioner (Abyss:3)
  A kraken (Shoals:2)
  4 tengu reavers
  A draconian knight (Zig:3)
  A fire giant (shapeshifter) (Depths:3)
  An azure jelly (Zig:1)
  A revenant (Crypt:2)
  A fire giant (Depths:2)
  2 frost giants
  3 emperor scorpions
  3 caustic shrike zombies
  An iron dragon (Depths:1)
  2 vault wardens
  Louise (D:14)
  A ghost moth (shapeshifter) (Depths:1)
  3 ghost moths
  A balrug (Zig:5)
  A draconian annihilator (Zig:3)
  8 war gargoyles (Depths:3)
  A quicksilver ooze (shapeshifter) (Depths:3)
  7 ironbound preservers
  3 stone giants
  An orc warlord (Vaults:2)
  22 very ugly things
  2 caustic shrike skeletons
  3 ironbound thunderhulks (Vaults:2)
  2 vampire knights
  A white draconian (Zig:3)
  A bunyip (Shoals:2)
  13 dire elephants
  17 spark wasps
  A blizzard demon (Depths:3)
  Snorg (Lair:3)
  5 ettins
  4 great orbs of eyes
  A green death (Depths:2)
  4 merfolk javelineers
  5 eidola
  7 jiangshi
  9 merfolk impalers
  6 mummy priests
  5 fire dragons
  4 spriggan zombies
  3 entropy weavers
  3 ice dragons
  An ice dragon (shapeshifter) (Depths:3)
  A rakshasa (Depths:1)
  2 merfolk avatars
  A hell beast (Depths:1)
  2 vault guards (Vaults:2)
  6 hydras
  2 caustic shrike simulacra
  6 boulder beetles
  A salamander tyrant (Zig:5)
  4 radroaches
  2 catoblepae
  3 two-headed ogres
  An alligator snapping turtle (Shoals:1)
  5 merfolk aquamancers
  5 ironbound frosthearts
  An alligator snapping turtle (shapeshifter) (Depths:3)
  A stoker (Zig:5)
  2 tengu warriors (Depths:1)
  8 centaur warriors
  15 dancing weapons
  13 death yaks
  4 death scarabs (Zig:8)
  12 satyrs
  2 deep troll shamans
  2 hell hogs
  An orc high priest (Orc:2)
  7 vampire magi
  A deep troll earth mage (Depths:2)
  A spriggan berserker (Elf:1)
  5 hell knights (Crypt:1)
  A deep elf knight (Elf:1)
  2 fire crabs
  Amaemon (Lair:1)
  2 soul eaters (Crypt:2)
  19 skeletal warriors
  A golden dragon zombie (D:15)
  3 sun moths
  6 iron trolls
  5 pharaoh ants
  Lodul (D:10)
  A storm dragon skeleton (Crypt:2)
  A swamp dragon (shapeshifter) (Depths:3)
  A goliath frog (Lair:5)
  12 sea snakes
  6 glowing orange brains (Depths:3)
  A quicksilver dragon simulacrum (Depths:1)
  4 obsidian statues (Depths:3)
  25 deep trolls
  A spriggan druid (Zig:7)
  8 orb spiders
  6 ironbound convokers
  2 wizards (Vaults:2)
  A spriggan simulacrum (Crypt:1)
  8 steelbarb worms
  A jorogumo zombie (Crypt:2)
  A goliath frog zombie (Crypt:2)
  6 phantasmal warriors
  A sphinx zombie (Crypt:2)
  3 deep elf pyromancers (D:13)
  10 necromancers
  16 wolf spiders
  7 orc knights
  26 harpies
  5 orc sorcerers (Orc:2)
  36 ugly things
  A cyclops (shapeshifter) (Depths:3)
  13 fauns
  2 deep elf zephyrmancers (Elf:1)
  8 cyclopes
  16 manticores
  A shining eye (shapeshifter) (Depths:3)
  A salamander (Depths:1)
  2 sphinx skeletons
  2 fire giant zombies
  A vault sentinel (Vaults:2)
  23 elephants
  A guardian serpent (shapeshifter) (Depths:3)
  4 black mambas
  A water nymph (shapeshifter) (Depths:3)
  2 naga zombies (Crypt:3)
  A molten gargoyle (Depths:3)
  2 merfolk sirens
  2 moths of wrath
  7 water nymphs
  An eye of devastation (Shoals:4)
  3 torpor snails
  An alligator snapping turtle zombie (Crypt:2)
  4 yaktaurs (Vaults:1)
  6 unseen horrors
  5 cane toads
  A dire elephant skeleton (Crypt:1)
  2 tengu conjurers (Depths:1)
  An efreet (D:14)
  A red draconian zombie (Crypt:1)
  A rime drake (Lair:3)
  4 demonic crawlers
  4 freezing wraiths
  7 hellwings
  3 kobold demonologists
  13 komodo dragons
  2 bunyip simulacra (Crypt:1)
  3 harpy zombies
  2 guardian mummies
  A red devil (Depths:2)
  23 merfolk
  8 trolls
  A hornet (Lair:4)
  A tyrant leech (shapeshifter) (Depths:3)
  8 polar bears
  6 wind drakes
  31 tarantellas
  4 raiju
  25 slime creatures
  An ettin zombie (Crypt:3)
  A jumping spider zombie (Crypt:2)
  5 dream sheep
  A blink frog (shapeshifter) (Depths:3)
  27 blink frogs
  6 snapping turtles
  2 flying skulls (Zig:4)
  31 jumping spiders
  A fire giant simulacrum (Vaults:2)
  12 culicivoras
  An alligator skeleton (Crypt:2)
  A shadow (D:11)
  34 yaks
  28 water elementals
  Sigmund (D:2)
  An ettin skeleton (Vaults:2)
  4 wraiths
  5 wyverns
  A satyr skeleton (Crypt:1)
  A vampire (D:14)
  2 ushabtiu (Zig:8)
  5 air elementals
  A human (D:13)
  A fire bat (Lair:4)
  6 basilisks
  A slime creature zombie (Crypt:1)
  3 fire elementals
  A black mamba skeleton (Crypt:1)
  A chaos spawn (Abyss:3)
  39 redbacks
  7 vampire mosquitoes
  3 steam dragons
  Eustachio (D:4)
  A yaktaur simulacrum (Vaults:2)
  2 swamp worms
  2 acid dragons
  A demonspawn zombie (Crypt:1)
  15 water moccasins
  A glowing shapeshifter zombie (D:15)
  A sky beast (D:7)
  16 orc warriors
  A swamp drake (shapeshifter) (Depths:3)
  2 ice beasts
  10 ogres
  4 black bears
  10 wolves (Lair:5)
  5 centaurs
  A kobold brigand (D:9)
  A phantom (D:7)
  A komodo dragon zombie (Crypt:1)
  7 bullfrogs
  An elf skeleton (Crypt:1)
  A gnoll sergeant (D:7)
  A necrophage (D:7)
  A glowing shapeshifter simulacrum (Vaults:2)
  8 earth elementals
  A scorpion (D:5)
  A cyclops skeleton (Crypt:1)
  14 wights
  2 wyvern skeletons (Crypt:3)
  2 killer bees
  2 electric eels (Lair:2)
  4 howler monkeys
  2 lava snakes (Lair:2)
  A human simulacrum (Vaults:2)
  3 hounds
  11 jellies
  20 orc priests
  2 iguanas
  A hell rat (Zig:7)
  39 orc wizards
  3 tengu skeletons
  11 mummies
  11 gnolls
  7 adders
  A river rat (D:7)
  A steam dragon skeleton (Crypt:1)
  2 shadow imps
  2 white imps
  2 ufetubi
  4 worms
  6 dart slugs
  55 orcs
  11 ball pythons
  9 bats
  16 endoplasms
  4 giant cockroaches
  6 goblins
  8 hobgoblins
  6 jackals
  3 quokkas
  A ball python skeleton (Crypt:1)
  5 frilled lizards
  12 kobolds
  A quokka skeleton (Crypt:1)
  7 rats
  A spectral orc (D:9)
  A bush (Lair:1)
  A withered plant (D:15)
1420 creatures vanquished.

Vanquished Creatures (collateral kills)
  A frost giant (Depths:2)
  An orc warlord (Zig:6)
  4 very ugly things (Depths:2)
  A jiangshi (Crypt:2)
  5 hydras
  A two-headed ogre (D:12)
  A dancing weapon (Depths:3)
  A merfolk aquamancer (Shoals:4)
  A death yak (D:13)
  A manticore (Lair:4)
  A black mamba (Lair:5)
  2 cane toads
  An orange demon (Lair:1)
  A rime drake (Lair:1)
  A komodo dragon (Lair:3)
  A merfolk (D:12)
  2 polar bears
  A raiju (Depths:3)
  A slime creature (D:12)
  A ynoxinul (Depths:2)
  A water elemental (Shoals:4)
  A wraith (D:9)
  4 yaks
  A vampire (D:12)
  A water moccasin (Lair:4)
  3 orc warriors
  A centaur (D:10)
  A bullfrog (Lair:3)
  An earth elemental (Depths:3)
  3 orc priests
  4 orcs
50 creatures vanquished.

Vanquished Creatures (others)
  A very ugly thing (Depths:3)
  A manticore (shapeshifter) (Depths:3)
  A culicivora (Spider:4)
  A water elemental (Depths:3)
  A fire elemental (Depths:3)
  12 ball lightnings (Depths:3)
  A bush (Lair:1)
  38 fungi
  280 plants
  4 tentacles (Shoals:2)
  7 withered plants
347 creatures vanquished.

Grand Total: 1817 creatures vanquished

Notes
Turn   | Place    | Note
-------+----------+-------------------------------------------
     0 | D:1      | KennySheep the Tengu Gladiator began the quest for the Orb.
     0 | D:1      | Reached XP level 1. HP: 12/12 MP: 2/2
   154 | D:1      | Reached XP level 2. HP: 13/17 MP: 3/3
   468 | D:1      | Found a faded altar of an unknown god.
   478 | D:1      | Prayed at the altar of an unknown god.
   478 | D:1      | Became a worshipper of Nemelex Xobeh the Trickster
   478 | D:1      | Reached * piety under Nemelex Xobeh
   478 | D:1      | Received a gift from Nemelex Xobeh
   799 | D:2      | Reached XP level 3. HP: 21/21 MP: 4/4
   809 | D:2      | Noticed Sigmund
   816 | D:2      | Killed Sigmund
   817 | D:2      | Reached XP level 4. HP: 3/27 MP: 1/6
   817 | D:2      | Gained mutation: Your magical nature lets you fly swiftly
                  | and evasively. [Tengu growth]
   817 | D:2      | Reached XP level 5. HP: 4/32 MP: 1/7
  1249 | D:2      | Found an iron altar of Okawaru.
  1388 | D:2      | Reached XP level 6. HP: 34/37 MP: 6/8
  1595 | D:2      | Reached ** piety under Nemelex Xobeh
  1595 | D:2      | Received a gift from Nemelex Xobeh
  1835 | D:2      | Identified the +2 ring mail "Banuz" {rF++ Dex+3}
  2135 | D:3      | Received a gift from Nemelex Xobeh
  2216 | D:3      | Reached skill level 5 in Long Blades
  2363 | D:3      | Found an opulent altar of Gozag.
  2622 | D:3      | Gained mutation: You have supernaturally acute eyesight.
                  | (SInv) [potion of mutation]
  2622 | D:3      | Gained mutation: You have a pair of small horns on your
                  | head. [potion of mutation]
  2923 | D:3      | Found a hide-covered altar of Uskayaw.
  3018 | D:4      | Found a staircase to the Ecumenical Temple.
  3066 | D:4      | Reached *** piety under Nemelex Xobeh
  3114 | D:4      | Reached XP level 7. HP: 41/41 MP: 10/10
  3292 | D:4      | Noticed Eustachio
  3318 | D:4      | Killed Eustachio
  3319 | D:4      | Reached skill level 5 in Dodging
  3378 | D:4      | Received a gift from Nemelex Xobeh
  3558 | D:4      | Found a shimmering blue altar of Sif Muna.
  3558 | D:4      | Found a stormy altar of Qazlal.
  3865 | D:5      | Entered Level 5 of the Dungeon
  4136 | D:5      | Reached XP level 8. HP: 41/48 MP: 12/12
  4194 | D:5      | Received a gift from Nemelex Xobeh
  4498 | D:5      | Received a gift from Nemelex Xobeh
  4515 | D:5      | Found a burning altar of Makhleb.
  4684 | D:6      | Reached **** piety under Nemelex Xobeh
  4714 | D:6      | Found an ancient bone altar of Kikubaaqudgha.
  4869 | D:6      | Reached skill level 5 in Invocations
  5111 | D:6      | Reached skill level 1 in Stealth
  5191 | D:6      | Received a gift from Nemelex Xobeh
  5366 | D:6      | Noticed an unseen horror
  5393 | D:6      | Killed an unseen horror
  5394 | D:6      | Reached skill level 1 in Armour
  5394 | D:6      | Reached XP level 9. HP: 35/52 MP: 14/14
  6113 | D:7      | Reached skill level 5 in Fighting
  6113 | D:7      | Reached skill level 1 in Axes
  6139 | D:7      | Received a gift from Nemelex Xobeh
  6304 | D:7      | Identified the +2 scale mail of Pride {rCorr Dex+2}
  6500 | D:7      | Received a gift from Nemelex Xobeh
  6651 | D:8      | Got the Precepts of Earthen Guile
  6690 | D:8      | Reached ***** piety under Nemelex Xobeh
  6791 | D:8      | Found a runed translucent door.
  6792 | D:8      | Noticed juncz's ghost (novice DjCj)
  6799 | D:8      | Reached skill level 2 in Axes
  6856 | D:8      | Found a shadowy altar of Dithmenos.
  6862 | D:8      | Found a broken altar of Ashenzari.
  6921 | D:8      | Identified the +0 leather armour of the Lost Deaths {rPois
                  | Slay+2}
  7206 | D:9      | Reached skill level 5 in Armour
  7223 | D:9      | Reached skill level 3 in Axes
  7223 | D:9      | Reached XP level 10. HP: 31/60 MP: 8/16
  7388 | D:9      | Found Nulule's Assorted Antiques.
  7636 | D:9      | Found a basalt altar of Yredelemnul.
  7813 | D:9      | Received a gift from Nemelex Xobeh
  8118 | D:10     | Entered Level 10 of the Dungeon
  8162 | D:10     | Noticed a two-headed ogre
  8166 | D:10     | Killed a two-headed ogre
  8390 | D:10     | Reached skill level 4 in Axes
  8604 | D:10     | Noticed Lodul
  8755 | D:10     | Killed Lodul
  8759 | D:10     | Reached skill level 5 in Axes
  8823 | D:10     | Found an iron altar of Okawaru.
  9139 | D:9      | Reached XP level 11. HP: 61/66 MP: 18/18
 10604 | D:11     | Received a gift from Nemelex Xobeh
 10794 | D:11     | Noticed a boulder beetle
 10808 | D:11     | Killed a boulder beetle
 10809 | D:11     | Reached skill level 6 in Axes
 10818 | D:11     | Found a staircase to the Lair.
 11181 | D:11     | Received a gift from Nemelex Xobeh
 11443 | D:12     | Reached skill level 10 in Armour
 11443 | D:12     | Reached XP level 12. HP: 9/73 MP: 8/20
 11445 | D:12     | Reached skill level 10 in Invocations
 11645 | D:12     | Noticed a two-headed ogre
 11655 | D:12     | Killed a two-headed ogre
 11751 | D:12     | Noticed a boulder beetle
 11765 | D:12     | Killed a boulder beetle
 11883 | D:12     | Noticed a boulder beetle
 11906 | D:12     | Killed a boulder beetle
 11907 | D:12     | Reached skill level 7 in Axes
 11961 | D:12     | Found a portal to a secret trove of treasure.
 11995 | Trove    | Entered a treasure trove
 12004 | Trove    | Identified the +5 plate armour "Oskuewoi" {+Blink rC- rCorr
                  | Stlth+}
 12005 | Trove    | Identified the +2 chain mail "Nelelail" {Regen+}
 12013 | Trove    | Identified the +6 flail "Tyss" {freeze, rN+ Dex+2}
 12086 | D:12     | Found a staircase to the Orcish Mines.
 12499 | D:13     | Noticed a death yak
 12507 | D:13     | Identified the +0 quarterstaff of Equivalence {flame,
                  | Contam rN+ rCorr}
 12513 | D:13     | Killed a death yak
 12587 | D:13     | Noticed a death yak
 12598 | D:13     | Killed a death yak
 12680 | D:13     | Noticed a death yak
 12771 | Orc:1    | Entered Level 1 of the Orcish Mines
 12811 | Orc:2    | Entered Level 2 of the Orcish Mines
 12943 | Orc:2    | Found a staircase to the Elven Halls.
 13165 | Orc:2    | Got the Folio of Transformation
 13292 | Orc:2    | Paralysed by an orc sorcerer for 2 turns
 14219 | Orc:2    | Found Rieriz's General Store.
 14219 | Orc:2    | Found Cixteut's Antique Weapon Boutique.
 14320 | Orc:2    | Found Sotaosef's Weapon Shop.
 14324 | Orc:2    | Found Suogroarch's General Store.
 14468 | Orc:2    | Noticed an orc high priest
 14476 | Orc:2    | Killed an orc high priest
 14477 | Orc:2    | Reached skill level 8 in Axes
 14694 | Orc:1    | Reached XP level 13. HP: 80/80 MP: 22/22
 14820 | Orc:1    | Noticed Erolcha
 14924 | Lair:1   | Entered Level 1 of the Lair of Beasts
 15357 | Lair:1   | Noticed Amaemon
 15370 | Lair:1   | Killed Amaemon
 15809 | Lair:1   | a death yak changed into a ghost moth
 15809 | Lair:1   | Noticed a ghost moth
 15824 | Lair:1   | Killed a ghost moth
 16334 | Lair:2   | Found a staircase to the Shoals.
 16429 | Lair:2   | Found a hole to the Spider Nest.
 17315 | Lair:2   | Reached skill level 9 in Axes
 17963 | Lair:3   | Reached skill level 10 in Fighting
 18177 | Lair:3   | Received a gift from Nemelex Xobeh
 18222 | Lair:3   | Received a gift from Nemelex Xobeh
 18565 | Lair:3   | Noticed Snorg
 18571 | Lair:3   | Killed Snorg
 18572 | Lair:3   | Reached XP level 14. HP: 88/88 MP: 24/24
 19163 | Lair:4   | Reached skill level 10 in Axes
 19436 | Lair:4   | Received a gift from Nemelex Xobeh
 19867 | Lair:4   | Found a staircase to the Slime Pits.
 20002 | Lair:5   | Entered Level 5 of the Lair of Beasts
 20749 | Lair:5   | Reached skill level 15 in Armour
 20919 | Lair:5   | Received a gift from Nemelex Xobeh
 21841 | Lair:5   | Received a gift from Nemelex Xobeh
 21844 | Lair:5   | Noticed a dire elephant
 22118 | Lair:5   | Reached skill level 11 in Axes
 22175 | Lair:5   | Reached XP level 15. HP: 51/95 MP: 20/25
 22828 | Lair:5   | Identified 3 scrolls of acquirement
 22831 | Lair:5   | Acquired the ring of the Mage {Wiz Archmagi}
 22831 | Lair:5   | Found the ring of the Mage {Wiz Archmagi}
 22833 | Lair:5   | Acquired a +5 executioner's axe of venom
 22840 | Lair:5   | Acquired a manual of Poison Magic
 23610 | D:13     | Acquired 1185 gold pieces
 23718 | D:13     | Reached skill level 12 in Axes
 24621 | D:13     | Received a gift from Nemelex Xobeh
 24748 | D:13     | Reached skill level 13 in Axes
 25413 | D:14     | Noticed Louise
 25432 | D:14     | Killed Louise
 25700 | D:14     | Found a gate to the Vaults.
 25705 | D:14     | Reached skill level 14 in Axes
 25914 | D:14     | Received a gift from Nemelex Xobeh
 26400 | D:15     | Entered Level 15 of the Dungeon
 26847 | D:15     | Reached skill level 15 in Axes
 27237 | D:15     | Reached XP level 16. HP: 35/100 MP: 12/26
 27804 | D:15     | Found a runed translucent gate.
 27805 | D:15     | Found a runed translucent gate.
 27806 | D:15     | Found a runed translucent gate.
 27806 | D:15     | Noticed jejorda2's ghost (journeyman MfBe)
 28057 | Spider:1 | Entered Level 1 of the Spider Nest
 28146 | Spider:1 | Reached skill level 16 in Axes
 29597 | Spider:1 | Received a gift from Nemelex Xobeh
 30062 | Spider:2 | Reached skill level 17 in Axes
 30066 | Spider:2 | Acquired a manual of Throwing
 30357 | Spider:2 | Received a gift from Nemelex Xobeh
 30782 | Spider:3 | Found a frozen archway.
 30790 | IceCv    | Entered an ice cave
 30799 | IceCv    | Reached skill level 18 in Axes
 32614 | Shoals:1 | Entered Level 1 of the Shoals
 32614 | Shoals:1 | Received a gift from Nemelex Xobeh
 33062 | Elf:1    | Entered Level 1 of the Elven Halls
 33073 | Elf:1    | Reached skill level 19 in Axes
 33107 | Elf:1    | Found a radiant altar of Vehumet.
 33873 | Orc:2    | Upgraded the game from 0.30-a0-165-g1891117ce2 to
                  | 0.30-a0-168-g0b976cbdc4
 34569 | Spider:3 | Reached XP level 17. HP: 101/105 MP: 25/27
 34601 | Spider:3 | HP: 2/102 [culicivora (15)]
 35093 | Spider:3 | Received a gift from Nemelex Xobeh
 35265 | Spider:4 | Entered Level 4 of the Spider Nest
 36892 | Spider:4 | Reached skill level 20 in Axes
 39656 | Shoals:2 | Reached ****** piety under Nemelex Xobeh
 39678 | Shoals:2 | Received a gift from Nemelex Xobeh
 39688 | Shoals:2 | Noticed Mlioglotl
 39695 | Shoals:2 | Paralysed by an air elemental for 1 turns
 39699 | Shoals:2 | Killed Mlioglotl
 40578 | Shoals:2 | Noticed a kraken
 40587 | Shoals:2 | Killed a kraken
 42738 | Shoals:3 | Reached XP level 18. HP: 112/112 MP: 28/28
 43121 | Shoals:4 | Entered Level 4 of the Shoals
 43649 | Shoals:3 | Reached skill level 21 in Axes
 44879 | Shoals:4 | Got a barnacled rune of Zot
 45313 | Vaults:1 | Entered Level 1 of the Vaults
 45776 | Vaults:1 | Received a gift from Nemelex Xobeh
 45861 | Vaults:1 | Received a gift from Nemelex Xobeh
 46536 | Vaults:1 | Received a gift from Nemelex Xobeh
 47743 | Vaults:2 | Received a gift from Nemelex Xobeh
 47900 | Vaults:2 | Found a staircase to the Crypt.
 48200 | Vaults:2 | Reached skill level 5 in Throwing
 48209 | Vaults:2 | Reached skill level 10 in Dodging
 48211 | Vaults:2 | Reached XP level 19. HP: 68/120 MP: 15/29
 48704 | Vaults:2 | Received a gift from Nemelex Xobeh
 49186 | Vaults:2 | Reached skill level 22 in Axes
 49774 | Crypt:1  | Entered Level 1 of the Crypt
 49793 | Crypt:1  | Received a gift from Nemelex Xobeh
 49884 | Crypt:1  | Noticed a bone dragon
 50247 | Crypt:1  | Received a gift from Nemelex Xobeh
 51736 | Crypt:2  | Received a gift from Nemelex Xobeh
 52131 | Crypt:1  | Noticed Margery
 52857 | Crypt:2  | Noticed Frederick
 52860 | Crypt:2  | Frederick changed into Frederick the juggernaut
 52860 | Crypt:2  | Noticed Frederick
 52865 | Crypt:2  | Killed Frederick the juggernaut
 52866 | Crypt:2  | Reached XP level 20. HP: 109/127 MP: 25/30
 53003 | Crypt:2  | Found a basalt altar of Yredelemnul.
 53053 | Crypt:2  | Identified the +10 rapier of the Curious Wishes {vorpal,
                  | Dex+2}
 53148 | Crypt:2  | Received a gift from Nemelex Xobeh
 53425 | Crypt:3  | Entered Level 3 of the Crypt
 53540 | Crypt:3  | Identified the +9 mace of Ciasusuy {vamp, rPois Dex+4
                  | Stlth-}
 54250 | Shoals:4 | Received a gift from Nemelex Xobeh
 54748 | Shoals:4 | Received a gift from Nemelex Xobeh
 55045 | Shoals:4 | Reached skill level 23 in Axes
 55742 | Spider:4 | Got Dirinair's Precepts of Unstable Glaciation
 56054 | Spider:4 | Received a gift from Nemelex Xobeh
 56798 | D:15     | Found a staircase to the Depths.
 57220 | D:15     | Found an iron altar of Okawaru.
 57264 | Depths:1 | Entered Level 1 of the Depths
 57272 | Depths:1 | Found a transporter.
 57540 | Depths:1 | Received a gift from Nemelex Xobeh
 57756 | Depths:1 | You are sucked into a shaft and drop 1 floor!
 57766 | Depths:2 | Acquired 1028 gold pieces
 57792 | Depths:2 | Received a gift from Nemelex Xobeh
 57808 | Depths:2 | Reached skill level 10 in Throwing
 58417 | Depths:2 | Found a one-way gate leading to the halls of Pandemonium.
 58705 | Depths:2 | Found a white marble altar of Elyvilon.
 58716 | Depths:2 | Found Teezxosm's Distillery.
 58725 | Depths:2 | Bought a potion of heal wounds for 60 gold pieces
 58725 | Depths:2 | Bought a potion of heal wounds for 60 gold pieces
 58725 | Depths:2 | Bought a potion of haste for 120 gold pieces
 58725 | Depths:2 | Bought a potion of curing for 36 gold pieces
 58725 | Depths:2 | Bought a potion of magic for 96 gold pieces
 58725 | Depths:2 | Bought a potion of curing for 36 gold pieces
 58725 | Depths:2 | Bought a potion of cancellation for 96 gold pieces
 58745 | Depths:2 | Received a gift from Nemelex Xobeh
 58747 | Depths:2 | Found a gateway to Hell.
 58750 | Depths:2 | Found a transporter.
 58758 | Depths:2 | Found a transporter.
 58782 | Depths:2 | Reached XP level 21. HP: 132/132 MP: 32/32
 59053 | Depths:3 | Paralysed by an air elemental for 1 turns
 59058 | Depths:3 | Paralysed by an air elemental for 1 turns
 59064 | Depths:2 | Paralysed by an air elemental for 1 turns
 59317 | Depths:1 | Received a gift from Nemelex Xobeh
 59438 | Depths:1 | Noticed a bone dragon
 59451 | Depths:1 | Killed a bone dragon
 60341 | Depths:1 | Received a gift from Nemelex Xobeh
 60383 | Depths:1 | Found a transporter.
 60525 | Depths:1 | Found a hazy altar of Hepliaklqana.
 60751 | Depths:3 | Received a gift from Nemelex Xobeh
 60991 | Depths:3 | Paralysed by an air elemental for 1 turns
 60994 | Depths:3 | Noticed a caustic shrike
 60995 | Depths:3 | a caustic shrike changed into a golden dragon
 60995 | Depths:3 | Noticed a golden dragon (glowing shapeshifter)
 61005 | Depths:3 | Killed a golden dragon
 61006 | Depths:3 | Reached skill level 15 in Fighting
 61821 | Abyss:3  | Cast into level 3 of the Abyss (+0 halberd of distortion)
 61855 | Abyss:3  | Found a corrupted altar of Lugonu.
 61893 | Depths:3 | Escaped the Abyss
 62137 | Depths:3 | Reached skill level 24 in Axes
 62218 | Depths:3 | Noticed Boris
 62256 | Depths:3 | Killed Boris
 62862 | Depths:3 | Found a one-way gateway to a ziggurat.
 62866 | Depths:3 | Identified the +7 shortbow of Quick Death {speed, Contam
                  | rCorr Int+3}
 62869 | Depths:3 | Got the Grimoire of Clay and Graupel
 63076 | Depths:3 | Received a gift from Nemelex Xobeh
 63081 | Depths:3 | Found a one-way gate to the infinite horrors of the Abyss.
 63089 | Depths:3 | Reached XP level 22. HP: 140/140 MP: 33/33
 63184 | Depths:3 | Identified the +1 scale mail "Vuvigick" {MP+9 Str+3}
 63467 | Depths:4 | Entered Level 4 of the Depths
 63826 | Zig:1    | Entered Level 1 of a ziggurat
 63844 | Zig:2    | Entered Level 2 of a ziggurat
 63870 | Zig:3    | Entered Level 3 of a ziggurat
 64086 | Zig:3    | Identified the +4 ring mail of the Will of the Gods {rElec
                  | rPois Will++ Str-3}
 64092 | Zig:4    | Entered Level 4 of a ziggurat
 64156 | Zig:5    | Entered Level 5 of a ziggurat
 64192 | Zig:5    | Reached XP level 23. HP: 101/145 MP: 26/34
 64193 | Zig:5    | Reached XP level 24. HP: 106/152 MP: 26/34
 64331 | Zig:6    | Entered Level 6 of a ziggurat
 64337 | Zig:6    | Noticed a juggernaut
 64351 | Zig:6    | Killed a juggernaut
 64461 | Zig:7    | Entered Level 7 of a ziggurat
 64760 | Zig:7    | Identified the +4 spear of Wacel {spect, rC+}
 64762 | Zig:7    | Identified the +2 chain mail "Cysaeroar" {Harm rF+ Str-3}
 64763 | Zig:7    | Identified the +1 double sword of Mastery {vorpal, Fragile
                  | rN+ Str+5}
 64777 | Zig:8    | Entered Level 8 of a ziggurat
 64784 | Zig:8    | Noticed a royal mummy
 64788 | Zig:8    | Killed a royal mummy
 65159 | Zig:8    | Identified the +1 leather armour "Ofyji" {Str+2 Stlth+}
 65163 | Zig:9    | Entered Level 9 of a ziggurat
 65167 | Zig:9    | Noticed a juggernaut
 65168 | Zig:9    | Noticed a juggernaut
 65175 | Zig:9    | Found the amulet of the Four Winds {rN+ Will+++ Clar}
 65185 | Zig:9    | Killed from afar by an iron giant

Illustrated notes

Levels and vault maps discovered:
D:1:      lightli_arrival_statue_moat, layout_basic,
          hellmonk_ecumenical_altar_blasted, kennysheep_nondescript
D:2:      layout_basic, basic_altar, uniq_sigmund
D:3:      layout_loops_ring, mainiacjoe_overflow_alcove_2,
          nicolae_uskayaw_suspiria, serial_bayou, serial_bayou_pond_c,
          serial_bayou_pond_e, serial_bayou_shore_b, serial_bayou_pond_b,
          minmay_fractal_squares_diagonal_5
D:4:      layout_loops_ring, gammafunk_temple_overflow_elements,
          minmay_temple_entry_large_hall, kennysheep_generic_room_5,
          uniq_eustachio
D:5:      layout_rooms, makhleb_heckhound_becter, minmay_misc_feat_x
D:6:      layout_basic, nicolae_kikubaaqudgha_miasma_corner
D:7:      layout_gridville
D:8:      layout_rooms, mainiacjoe_overflow_catwalk_spiral,
          gammafunk_ghost_grave
D:9:      layout_loops_ring, yredelemnul_forgotten_temple_becter, serial_shops,
          shop
D:10:     layout_roguey, okawaru_metal_pillars_3, serial_rivers,
          chequers_serial_rivers_marsh, chequers_serial_rivers_marsh,
          chequers_serial_rivers_small_a, chequers_serial_rivers_large_b,
          chequers_serial_rivers_marsh, kennysheep_windowed_goal, uniq_lodul
D:11:     layout_roguey, grunt_lair_entry_orc_guard_hut
D:12:     layout_roguey, orc_0_dummy, enter_trove_2
D:13:     lemuel_troll_bridge, layout_basic, grunt_livestock
D:14:     layout_irregular_city, david_vaults_1, minmay_misc_feat_roman,
          hangedman_abyss_or_decor_lesser_grid, uniq_louise
D:15:     gammafunk_depths_entry_grave, layout_basic, minmay_misc_feat_pillars,
          gammafunk_ghost_fury_of_okawaru
Lair:1:   lemuel_slime, layout_regular_city, nicolae_lair_grazing_beasts
          [nicolae_sub_lair_graze_edge, nicolae_sub_lair_graze_edge,
          nicolae_sub_lair_graze_edge, nicolae_sub_lair_graze_edge],
          infiniplex_staircase_pool_2, uniq_amaemon
Lair:2:   layout_long_grid, shoals_dummy_entry, spider_nest_entry_web_field,
          eino_small_chamber_without_monster, nicolae_lair_liquid_snakes
Lair:3:   layout_gridlike, grunt_megastairs_5, uniq_snorg
Lair:4:   layout_hall_layers, slime_entry_1, serial_bayou_pond_d
Lair:5:   grunt_lair_end_beastmaster, layout_gridlike, serial_bayou_pond_a
Shoals:1: layout_shoals
Shoals:2: layout_shoals, nicolae_shoals_nautilus_by_nature, uniq_mlioglotl
Shoals:3: layout_shoals, nicolae_shoals_so_close
Shoals:4: shoals_end_grunt_garden, layout_shoals
Spider:1: layout_chambers, nicolae_spider_not_touching_you
Spider:2: layout_spider_delve, guppyfry_spider_mini_2
Spider:3: layout_spider_delve, portal_ice_cave_entry_pillars_three
Spider:4: grunt_spider_rune_parallel
Orc:1:    layout_diamond_mine, uniq_erolcha
Orc:2:    st_orc_mages, layout_caves, guppyfry_library_mini
Elf:1:    eino_elf_arrival_altar, layout_loops_ring,
          hangedman_elven_crosses_minicolossus, evilmike_spriggan_trog_shrine
Vaults:1: vaults_dpeg_cross, v_misc_27, hangedman_vaults_stream,
          hangedman_vaults_impose, v_alt_pattern_6, v_misc_10,
          grunt_vaults_hallway_short, ontoclasm_vaults_fault, vaults_dpeg_hooks,
          layout_vaults_chaotic_city
Vaults:2: minmay_crypt_entry_simple_walls, v_misc_2, grunt_vaults_swirl,
          v_misc_27, hangedman_vaults_impose, grunt_vaults_focal,
          grunt_vaults_hallway_short, vaults_room_fours, v_alt_pattern_1,
          nicolae_vaults_little_squares_6,
          nicolae_vaults_windows_and_doors_thing, v_pattern_5,
          grunt_vaults_diagonal, serial_ice_b, nicolae_vaults_little_squares_2,
          layout_vaults_maze_bifur, serial_glass
Crypt:1:  hangedman_staggered_hall, layout_regular_city,
          nicolae_crypt_cryptocurrency, chequers_hall_statues_wall_a,
          grunt_crypt_arrival_split, uniq_margery, uniq_vv
Crypt:2:  layout_catacombs, basic_altar, uniq_frederick
Crypt:3:  evilmike_haunted_forest
Depths:1: layout_gridlike, grunt_mini_vestibule,
          nicolae_hepliaklqana_hippocampus, kennysheep_pointless_box,
          kennysheep_decorative_pillar, nicolae_diode_stairs
Depths:2: emtedronai_trogs_sanctum, layout_cave_pools, serial_glass,
          glass_columns_c, glass_columns_a, serial_shops, shop,
          rand_demon_pan_entry_5, hell_entry, hellmonk_bongcloud_opening,
          nicolae_elyvilon_temple_path
Depths:3: radiant_caverns_a_rkd, serial_shops, pan_entry, abyss_entry,
          hell_entry, uniq_boris
Depths:4: grunt_crosshair, layout_honeycomb, rand_demon_pan_entry_7,
          abyss_entry, serial_shops, nicolae_shop_behind_doors, hell_entry,
          chequers_serial_rivers_small_3, serial_bayou_shore_a
Zig:9

Skill      XL: |  1  2  3  4  5  6  7  8  9 10 11 12 13 14 15 16 17 18 19 20 21 22 23 |
---------------+----------------------------------------------------------------------+-----
Long Blades    | 4 5 6 7 |  7.8
Dodging        | 4 5 7 10 11 12 13 14 | 14.4
Invocations    | 2 3 4 5 6 8 9 11 12 13 14 | 14.5
Fighting       | 3 4 5 6 7 9 10 11 12 13 14 15 16 | 16.3
Stealth        | 1 2 |  2.0
Armour         | 1 5 7 10 11 13 15 16 17 18 19 20 21 | 21.4
Axes           | 3 5 6 8 9 11 15 19 20 21 22 23 24 | 24.0
Throwing       | 5 8 10 12 | 12.9

Action                   |  1- 3 |  4- 6 |  7- 9 | 10-12 | 13-15 | 16-18 | 19-21 | 22-24 || total
-------------------------+-------+-------+-------+-------+-------+-------+-------+-------++-------
Melee: Long sword        |    32 |   120 |   235 |    58 |       |       |       |       ||   445
       Kick              |     6 |    21 |    84 |   135 |   294 |   380 |   413 |    49 ||  1382
       Peck              |     4 |    16 |    44 |    78 |   185 |   242 |   270 |    34 ||   873
       Headbutt          |       |     2 |    42 |    71 |   201 |   272 |   261 |    30 ||   879
       Punch             |       |       |     2 |       |       |       |       |       ||     2
       Battleaxe         |       |       |       |    14 |       |       |       |       ||    14
       Great sword       |       |       |       |   277 |   440 |       |       |       ||   717
       Executioner's axe |       |       |       |       |   264 |   872 |   881 |    89 ||  2106
Throw: Javelin           |       |       |       |       |       |     7 |     4 |       ||    11
Invok: Draw Destruction  |     4 |     2 |    16 |    28 |    37 |    30 |    51 |     8 ||   176
       Draw Summoning    |       |       |     1 |     7 |    13 |     6 |     9 |     2 ||    38
       Stack Five        |       |       |       |     1 |       |     1 |       |       ||     2
       Draw Stack        |       |       |       |     1 |     2 |     2 |     1 |       ||     6
       Deal Four         |       |       |       |       |       |       |     2 |     4 ||     6
       Triple Draw       |       |       |       |       |       |       |     2 |     1 ||     3
  Use: Potion            |       |     2 |       |     8 |     8 |     7 |     5 |     4 ||    34
       Scroll            |       |     1 |       |    11 |    18 |    11 |    10 |     7 ||    58
 Stab: Sleeping          |     2 |     3 |       |       |       |       |       |       ||     5
       Distracted        |       |     1 |       |     2 |     1 |     7 |    26 |     3 ||    40
       Petrified         |       |       |       |     4 |     1 |       |       |       ||     5
       Petrifying        |       |       |       |     1 |       |       |       |       ||     1
       Invisible         |       |       |       |       |       |     1 |       |       ||     1
Armor: Leather armour    |     9 |    12 |       |       |       |       |       |       ||    21
       Ring mail         |       |    16 |    57 |       |       |       |       |       ||    73
       Gold dragon scale |       |       |    55 |   317 |   865 |   811 |   462 |    64 ||  2574
Dodge: Dodged            |    19 |    88 |   139 |    77 |   304 |   391 |   401 |    47 ||  1466

Table legend: (Time is in decaauts)
 A = Elapsed time spent in this place.
 B = Non-inter-level travel time spent in this place.
 C = Inter-level travel time spent in this place.
 D = Time resting spent in this place.
 E = Time spent auto-exploring this place.
 F = Levels seen in this place.
 G = Mean time per level.
                   A        B        C        D        E       F      G
               +--------+--------+--------+--------+--------+-----+--------+
         Total |  62568 |  58841 |   3727 |  25761 |  24390 |  52 | 1203.2 |
       Dungeon |  17902 |  16354 |   1548 |   4539 |   9238 |  15 | 1193.5 |
          Lair |   9078 |   8338 |    740 |   3585 |   3345 |   5 | 1815.6 |
        Shoals |   8804 |   8484 |    320 |   4770 |   2699 |   4 | 2201.0 |
   Spider Nest |   8144 |   7640 |    504 |   3870 |   2914 |   4 | 2036.0 |
  Orcish Mines |   2336 |   2175 |    161 |    755 |   1058 |   2 | 1168.0 |
   Elven Halls |    528 |    517 |     11 |    424 |     36 |   1 |  528.0 |
        Vaults |   4086 |   3984 |    102 |   1610 |   1833 |   2 | 2043.0 |
         Crypt |   3890 |   3694 |    196 |   1814 |   1255 |   3 | 1296.7 |
        Depths |   6169 |   6028 |    141 |   3246 |   1874 |   4 | 1542.2 |
         Abyss |     66 |     66 |      0 |      0 |     24 |   1 |   66.0 |
      Ziggurat |   1329 |   1329 |      0 |    982 |    102 |   9 |  147.7 |
         Trove |     36 |     36 |      0 |      0 |      0 |   1 |   36.0 |
      Ice Cave |    195 |    195 |      0 |    162 |      6 |   1 |  195.0 |
               +--------+--------+--------+--------+--------+-----+--------+

Top non-repeatable levels by time:
Depths:3: 2865 daAuts
Spider:3: 2860 daAuts
Shoals:3: 2748 daAuts
Shoals:2: 2417 daAuts
  Lair:2: 2349 daAuts
    D:14: 2316 daAuts
 Crypt:2: 2281 daAuts
Vaults:1: 2240 daAuts
Spider:4: 2211 daAuts
   Orc:2: 2188 daAuts
Spider:1: 2088 daAuts
  Lair:5: 2078 daAuts
Shoals:1: 2013 daAuts
Vaults:2: 1845 daAuts
Depths:1: 1787 daAuts
